 Dungeon Crawl Stone Soup version 0.30.0-18-gc0e69614cb (webtiles) character file.

Game seed: 1587576359230189275

256 Du3lingdragon the Poker (level 5, -1/39 (41) HPs)
             Began as a Demonspawn Reaver on May 25, 2023.
             Was a Believer of Nemelex Xobeh.
             Killed by divine providence
             ... invoked by an orc priest
              (12 damage)
             ... on level 3 of the Dungeon.
             The game lasted 00:06:40 (1745 turns).

Du3lingdragon the Poker (Demonspawn Reaver)         Turns: 1745, Time: 00:06:41

HP:   -1/39 (41)    AC: 12    Str: 12    XL:     5   Next: 92%
MP:   8/8           EV:  8    Int: 23    God:    Nemelex Xobeh [**....]
Gold: 159           SH:  4    Dex: 11    Spells: 7/8 levels left

rFire   + . .        a - +0 spear
rCold   . . .        (no shield)
rNeg    . . .        i - +0 chain mail
rPois   .            (no helmet)
rElec   .            l - +0 cloak
rCorr   .            k - +0 pair of gloves
SInv    +            s - +0 pair of boots
Will    +....        r - amulet "Fidola" {Will+ Regen+ SInv} Stlth
                     e - +6 ring of intelligence
HPRegen 1.06/turn    y - ring of protection from fire
MPRegen 0.11/turn

%: no passive effects
@: lightly drained
A: sturdy frame 1, condensation shield
a: Renounce Religion, Draw Escape, Draw Destruction, Draw Summoning


You were on level 3 of the Dungeon.
You worshipped Nemelex Xobeh.
Nemelex Xobeh was pleased with you.
You visited 1 branch of the dungeon, and saw 3 of its levels.

You collected 159 gold pieces.

Inventory:

Hand Weapons
 a - a +0 spear (weapon)
Armour
 i - a +0 chain mail (worn)
 k - a +0 pair of gloves (worn)
 l - a +0 cloak (worn)
 s - a +0 pair of boots (worn)
Jewellery
 e - a +6 ring of intelligence (left hand)
 r - the amulet "Fidola" (around neck) {Will+ Regen+ SInv}
   (You found it on level 2 of the Dungeon)

   [amulet of regeneration]

   SInv:      It lets you see invisible.
   Regen:     It increases your rate of health regeneration.
   Will:      It increases your willpower.
 y - a ring of protection from fire (right hand)
Scrolls
 c - a scroll of vulnerability {unknown}
 f - a scroll of blinking {unknown}
 g - 4 scrolls of identify {unknown}
 m - a scroll of enchant armour {unknown}
 n - 2 scrolls of enchant weapon {unknown}
 o - a scroll of teleportation {unknown}
 t - a scroll of magic mapping {unknown}
 u - a scroll of poison {unknown}
 v - a scroll of fear {unknown}
 z - a scroll of amnesia {unknown}
Potions
 b - a potion of might {unknown}
 d - 2 potions of mutation {unknown}
 h - a potion of curing {unknown}
 j - 2 potions of brilliance {unknown}
 p - a potion of heal wounds {unknown}
 q - 2 potions of flight {unknown}
 w - 2 potions of degeneration {unknown}
 x - a potion of berserk rage {unknown}
 A - a potion of attraction {unknown}


   Skills:
 + Level 3.5 Fighting
 + Level 3.9 Polearms
 + Level 2.4 Armour
 - Level 3.0 Dodging
 - Level 2.0 Spellcasting
 - Level 3.0 Conjurations


You had 7 spell levels left.
You knew the following spells:

 Your Spells              Type           Power      Damage    Failure   Level
a - Kiss of Death         Conj/Necr      36%        2d8       56%         1

Your spell library contained the following spells:

 Spells                   Type           Power      Damage    Failure   Level
 Momentum Strike          Conj/Tloc      18%        3d8       71%         2
 Sandblast                Erth           4%         2d4       78%         1
 Sting                    Tmut/Pois      8%         1d3       78%         1
 Passwall                 Tmut/Erth      1%         N/A       89%         2
 Poisonous Vapours        Pois/Air       4%         N/A       89%         2
 Hailstorm                Conj/Ice       9%         3d4       91%         3
 Stone Arrow              Conj/Erth      18%        3d8       91%         3
 Ozocubu's Armour         Ice            2%         N/A       98%         3
 Olgreb's Toxic Radiance  Pois           2%         N/A       100%        4
 Ozocubu's Refrigeration  Ice            1%         4d7       100%        7


Dungeon Overview and Level Annotations

Branches:
Dungeon (3/15)

Altars:
Nemelex Xobeh
Qazlal


Innate Abilities, Weirdness & Mutations

Your movements are slightly less encumbered by armour. (ER -2)
A meltable shield of frost defends you. (SH +4)


Message History

The orc priest is severely wounded.
The orc priest hits you with a +0 club.
The orc splashes around in the water.
You hit the orc priest but do no damage.
The orc priest is severely wounded.
The orc priest calls down the wrath of Beogh upon you.
Beogh smites you! The orc barely misses you.
The orc priest hits you but does no damage.
You are too injured to fight recklessly!
You closely miss the orc priest.
The orc priest is severely wounded.
The orc closely misses you.
The orc priest invokes the aid of Beogh against you.
Beogh smites you!
* * * LOW HITPOINT WARNING * * *
Okay, then.
You draw a card...
You have drawn the Tomb.
Walls emerge from the floor!
The deck of cards glows with a rainbow of weird colours and disappears.
You block the orc's attack.
The orc splashes around in the water.
The orc priest splashes around in the water.
You hit the plant but do no damage. The orc hits you but does no damage.
The orc splashes around in the water.
The orc priest splashes around in the water.
You hit the plant.
The plant begins to die.
The plant is lightly damaged.
The orc splashes around in the water.
The orc barely misses you.
The orc splashes around in the water.
You hit the plant.
The plant is lightly damaged.
The orc priest hits you but does no damage.
The orc hits you but does no damage.
The orc splashes around in the water.
You hit the plant.
The plant is lightly damaged.
The orc priest looks satisfied for a moment.
The orc closely misses you. The orc barely misses you.
You barely miss the orc priest.
The orc priest is severely wounded.
The orc priest calls down the wrath of Beogh upon you.
Beogh smites you!
You die...
Your body disappears without a glow.

♣P~♣♣♣ ♣.~~~~ ~~~~
.~~♣ ♣♣~P♣ ♣♣♣P~P♣
#.♣♣o~♣ #.♣ooo♣
#.♣P@#♣ ### #..####
...#######..##########
.............)........
..#.#.......##########
.#...#......#
#.....#.##..#
..._....##..#
#.....#.##..#


You could see 2 orc priests and 2 orcs.

Vanquished Creatures
  A sky beast (D:3)
  A scorpion (D:3)
  Natasha (D:2)
  A gnoll (D:1)
  2 adders
  A worm (D:2)
  A dart slug (D:1)
  4 endoplasms
  3 giant cockroaches
  4 goblins
  3 hobgoblins
  4 kobolds
  9 ball pythons
  5 bats (D:1)
  4 frilled lizards
  8 rats
52 creatures vanquished.

Notes
Turn   | Place    | Note
-------+----------+-------------------------------------------
     0 | D:1      | Du3lingdragon the Demonspawn Reaver began the quest for the
                  | Orb.
     0 | D:1      | Reached XP level 1. HP: 16/16 MP: 3/3
   178 | D:1      | Found a faded altar of an unknown god.
   243 | D:1      | Gained mutation: Your movements are slightly less
                  | encumbered by armour. (ER -2) [demonic ancestry]
   243 | D:1      | Reached XP level 2. HP: 22/22 MP: 5/5
   322 | D:1      | Prayed at the altar of an unknown god.
   322 | D:1      | Became a worshipper of Nemelex Xobeh the Trickster
   322 | D:1      | Reached * piety under Nemelex Xobeh
   322 | D:1      | Received a gift from Nemelex Xobeh
   467 | D:1      | Reached skill level 1 in Armour
   585 | D:1      | Gained mutation: A meltable shield of frost defends you.
                  | (SH +4) [demonic ancestry]
   585 | D:1      | Reached XP level 3. HP: 28/28 MP: 6/6
   891 | D:2      | Received a gift from Nemelex Xobeh
   926 | D:2      | Identified the amulet "Fidola" {Will+ Regen+ SInv}
  1166 | D:2      | Noticed Natasha
  1184 | D:2      | Killed Natasha
  1185 | D:2      | Reached XP level 4. HP: 29/34 MP: 7/7
  1297 | D:2      | Reached ** piety under Nemelex Xobeh
  1630 | D:3      | Noticed a sky beast
  1659 | D:3      | Killed a sky beast
  1660 | D:3      | Reached XP level 5. HP: 34/41 MP: 6/8
  1716 | D:3      | Found a stormy altar of Qazlal.
  1745 | D:3      | Killed from afar by an orc priest

Illustrated notes

Levels and vault maps discovered:
D:1:      lemuel_arrival_river_bridge, layout_rooms,
          chequers_ecumenical_altar_grove, minmay_hexomino_c4
D:2:      layout_basic, minmay_tall_x, uniq_natasha
D:3:      layout_loops_ring, nicolae_qazlal_beasts_of_the_sky, serial_forest,
          infiniplex_forest_straight_4, infiniplex_forest_lined_corner,
          infiniplex_forest_straight_5, infiniplex_forest_straight_1,
          infiniplex_forest_end_2, serial_bayou_crossing

Skill      XL: |  1  2  3  4 |
---------------+-------------+-----
Dodging        | 2 3 |  3.0
Polearms       | 3 |  3.9
Armour         | 1 2 |  2.4
Fighting       | 3 |  3.5
Spellcasting   | |  2.0
Conjurations   | |  3.0

Action                     |  1- 3 |  4- 6 || total
---------------------------+-------+-------++-------
  Melee: Spear             |   149 |    88 ||   237
         Punch             |     1 |     1 ||     2
   Cast: Kiss of Death     |       |     2 ||     2
 Invoke: Draw Escape       |       |     1 ||     1
   Stab: Sleeping          |     1 |       ||     1
 Armour: Leather armour    |     6 |       ||     6
         Chain mail        |    49 |    30 ||    79
  Dodge: Dodged            |    49 |    26 ||    75
  Block: Other             |     9 |    11 ||    20
